Wild vs Jets

Created - March 10, 2015 at 17:41

Goals
1 2 3 T
Wild 0 1 1 2
Jets 2 2 1 5
Shots
1 2 3 T
Wild 16 10 14 40
Jets 8 9 10 27

1st period

1. Jets , Jamie Benn 35 (Tobias Enstrom, Kimmo Timonen) at 4:27
2. Jets , Corey Perry 43 (Brett Bellemore, Joe Pavelski) at 18:38

Penalties :
Kimmo Timonen (WPG) for Holding Stick (Minor) at 7:14, Brett Bellemore (WPG) for Hooking (Minor) at 9:24, Jamie Benn (WPG) for High sticking (Minor) at 14:09, Anders Lee (WPG) for Roughing (Minor) at 16:30

2nd period

3. Jets , Tomas Plekanec 10 (Jamie Benn, Kimmo Timonen) at 0:29
4. Jets , Carl Hagelin 3 (Colin Wilson, Jonathan Ericsson) at 7:03
5. Wild , Marian Gaborik 31 (Olli Maatta, Mikko Koivu) at 14:17 (PP)

Penalties :
Carl Hagelin (WPG) for Slashing (Minor) at 13:37

3rd period

6. Jets , Jamie Benn 36 (Tomas Plekanec, Josh Bailey) at 2:41
7. Wild , Daniel Alfredsson 22 (Mark Streit, Marian Gaborik) at 5:07 (PP)

Penalties :
Nicklas Grossmann (WPG) for Tripping (Minor) at 3:09, Lauri Korpikoski (WPG) for Holding (Minor) at 3:57, Michael Stone (MIN) for Hooking (Minor) at 7:13, Jamie Benn (WPG) for Hooking (Minor) at 11:18, Pierre-Marc Bouchard (MIN) for Roughing (Minor) at 11:18, Jonathan Ericsson (WPG) for Holding (Minor) at 17:26

Goalie Stats

Ben Scrivens (MIN), 8 saves from 12 shots - (0.667), L, 3-8-1, 27:03 minutes
Josh Harding (MIN), 14 saves from 15 shots - (0.933), 32:57 minutes
Cory Schneider (WPG), 38 saves from 40 shots - (0.950), W, 34-14-2, 60:00 minutes

Players Stats for Wild

Player Name              G  A  P  +/- PIM S  H  SB GA TA FO     MP     PP MP  PK MP  
------------------------------------------------------------------------------------
Adam Hall                0  0  0  -1  0   3  3  0  0  0  9/27   20:08   5:54   0:48 
Chris Conner             0  0  0  -2  0   1  0  2  0  0  0/1    13:56   0:00   0:48 
Chris Phillips           0  0  0  -2  0   0  2  0  0  0  0/0    10:37   0:00   1:11 
Daniel Alfredsson        1  0  1  -2  0   2  4  0  0  0  2/2    24:30   7:28   0:00 
Dennis Wideman           0  0  0   0  0   2  1  3  0  0  0/0    25:12   7:23   0:00 
Erik Cole                0  0  0  -2  0   5  2  0  0  0  0/1    14:02   0:00   0:54 
Fedor Tyutin             0  0  0  -2  0   0  1  0  0  0  0/0    10:14   0:00   0:48 
Jesse Winchester         0  0  0   0  0   0  0  0  0  0  0/1     1:11   0:00   1:11 
Marian Gaborik           1  1  2  -1  0   5  0  0  0  0  1/2    24:26   7:28   0:00 
Mark Streit              0  1  1  -3  0   6  1  2  0  0  0/0    24:11   5:59   0:48 
Michael Ryder            0  0  0  -2  0   0  0  1  0  0  1/3    20:44   5:54   0:17 
Michael Stone            0  0  0  -3  2   3  2  2  0  0  0/0    23:29   5:59   0:00 
Mikko Koivu              0  1  1  -2  0   3  0  1  0  0  20/41  24:37   7:28   0:00 
Milan Michalek           0  0  0  -1  0   2  1  1  0  0  1/2    19:20   5:54   0:00 
Olli Maatta              0  1  1   0  0   4  0  3  0  0  0/0    25:05   7:23   0:00 
Pierre-Marc Bouchard     0  0  0  -2  2   4  0  0  0  0  6/15   13:07   0:00   0:00 
Rob Scuderi              0  0  0   0  0   0  0  0  0  0  0/0     1:11   0:00   1:11 
Rostislav Klesla         0  0  0   0  0   0  0  0  0  0  0/0     0:00   0:00   0:00 

Players Stats for Jets

Player Name              G  A  P  +/- PIM S  H  SB GA TA FO     MP     PP MP  PK MP  
------------------------------------------------------------------------------------
Anders Lee               0  0  0   1  2   0  7  0  0  0  0/1    18:20   0:30   0:15 
Boyd Gordon              0  0  0   0  0   0  0  0  0  0  4/6     5:00   0:00   0:15 
Brett Bellemore          0  1  1   2  2   0  3  0  0  0  0/0    12:21   0:00   0:00 
Carl Hagelin             1  0  1   1  2   5  0  0  0  0  1/3    17:52   0:00   3:08 
Christian Ehrhoff        0  0  0   1  0   2  0  0  0  0  0/0    18:44   1:09   2:03 
Colin Wilson             0  1  1   1  0   0  1  0  0  0  0/0     9:19   0:00   0:00 
Corey Perry              1  0  1   1  0   2  1  0  0  0  1/4    18:06   0:30   0:00 
Jamie Benn               2  1  3   3  4   5  2  0  0  0  1/4    15:53   1:29   3:26 
Joe Pavelski             0  1  1   1  0   5  0  0  0  0  10/15  18:06   0:30   0:00 
Jonathan Ericsson        0  1  1   1  2   0  1  1  0  0  0/0    21:45   0:00   6:14 
Josh Bailey              0  1  1   3  0   1  0  0  0  0  0/1    12:29   1:29   0:00 
Kimmo Timonen            0  2  2   2  2   0  5  1  0  0  0/0    22:58   1:09   5:05 
Lauri Korpikoski         0  0  0   0  2   1  0  0  0  0  1/1    13:40   0:00   8:14 
Nick Bonino              0  0  0   1  0   2  2  0  0  0  7/9    10:37   0:00   0:00 
Nicklas Grossmann        0  0  0   1  2   0  1  0  0  0  0/0     4:18   0:00   0:00 
Radko Gudas              0  0  0   1  0   1  4  0  0  0  0/0    16:09   0:50   7:16 
Tobias Enstrom           0  1  1   2  0   2  2  2  0  0  0/0    23:41   0:50   6:06 
Tomas Plekanec           1  1  2   3  0   1  2  2  0  0  30/51  24:02   1:29  10:15 

3 Stars

1 - Jamie Benn (WPG)
2 - Tomas Plekanec (WPG)
3 - Kimmo Timonen (WPG)

Power Play

Wild - 2 on 8 Attempt(s) - 25.00%
Jets - 0 on 1 Attempt(s) - 0.00%

Penalty Kill

Wild - 1 on 1 Attempt(s) - 100.00% - Score 0 goal in Penalty Kill
Jets - 6 on 8 Attempt(s) - 75.00% - Score 0 goal in Penalty Kill

Team Stat

Wild - Hits : 17 - Faceoff Wins : 40 - Blocked Shots : 15 - Penalty Minutes : 4
Jets - Hits : 31 - Faceoff Wins : 55 - Blocked Shots : 6 - Penalty Minutes : 18

Official

Referees : Jean Hebert and Dave Lewis
Linesman : Jean Morin and Brian Mach

Game Notes

Josh Harding enters game at 7:03 of 2nd period

Finance

Level 1 -- Attendance: 6000 (100.00%) -- Ticket Income $588,000
Level 2 -- Attendance: 5000 (100.00%) -- Ticket Income $385,000
Level 3 -- Attendance: 1932 (87.82%) -- Ticket Income $139,104
Level 4 -- Attendance: 1015 (100.00%) -- Ticket Income $66,990
Luxury Box -- Attendance: 800 (100.00%) -- Ticket Income $184,000
Game was played at the MTS Center'
Total Attendance: 14747 (98.22%)
Total Ticket Income: $1,363,094
Other Income: $204,464
Total Income: $1,567,558

% Time on Ice - Wild

Lines # - Real PCT - Wanted PCT - Time Play
Normal Forward
1 - 32% - 45% - 13:47
2 - 31% - 44% - 13:26
3 - 31% - 7% - 13:08
4 - 5% - 4% - 2:19
Normal Defense
1 - 39% - 45% - 16:46
2 - 39% - 44% - 16:28
3 - 22% - 7% - 9:26
4 - 0% - 4% - 0:00
PP Forward
1 - 56% - 50% - 7:28
2 - 44% - 50% - 5:54
PP Defense
1 - 45% - 50% - 5:59
2 - 55% - 50% - 7:23
PK Forward
1 - 40% - 50% - 0:48
2 - 60% - 50% - 1:11
PK Defense
1 - 60% - 50% - 1:11
2 - 40% - 50% - 0:48
PK3 Forward
1 - 0% - 50%
2 - 0% - 50%
PK3 Defense
1 - 0% - 50%
2 - 0% - 50%
44 Forward
1 - 53% - 50% - 1:03
2 - 47% - 50% - 0:56
44 Defense
1 - 47% - 50% - 0:56
2 - 53% - 50% - 1:03
Last Minute Offensive  - 0:00
Last Minute Defensive  - 0:00
Total
Forward - 60:00
Defense - 60:00

% Time on Ice - Jets

Lines # - Real PCT - Wanted PCT - Time Play
Normal Forward
1 - 41% - 40% - 17:36
2 - 26% - 26% - 11:00
3 - 22% - 23% - 9:19
4 - 11% - 11% - 4:45
Normal Defense
1 - 37% - 40% - 15:49
2 - 34% - 34% - 14:29
3 - 19% - 16% - 8:03
4 - 10% - 10% - 4:19
PP Forward
1 - 25% - 70% - 0:30
2 - 75% - 30% - 1:29
PP Defense
1 - 58% - 70% - 1:09
2 - 42% - 30% - 0:50
PK Forward
1 - 98% - 75% - 11:57
2 - 2% - 25% - 0:15
PK Defense
1 - 52% - 60% - 6:19
2 - 48% - 40% - 5:53
PK3 Forward
1 - 100% - 70% - 1:10
2 - 0% - 30% - 0:00
PK3 Defense
1 - 81% - 60% - 0:57
2 - 19% - 40% - 0:13
44 Forward
1 - 100% - 60% - 1:59
2 - 0% - 40% - 0:00
44 Defense
1 - 47% - 51% - 0:56
2 - 53% - 49% - 1:03
Last Minute Offensive  - 0:00
Last Minute Defensive  - 0:00
Total
Forward - 60:00
Defense - 60:00

Play by Play

1st period


0:01 of 1st period - Daniel Alfredsson wins face-off versus Joe Pavelski in neutral zone.
0:11 of 1st period - Joe Pavelski is hit by Daniel Alfredsson and loses puck.
0:15 of 1st period - Olli Maatta is hit by Tobias Enstrom.
0:29 of 1st period - Shot by Corey Perry.
0:29 of 1st period - Shot Blocked by Dennis Wideman.
0:44 of 1st period - Icing by Dennis Wideman.
0:45 of 1st period - Tomas Plekanec wins face-off versus Michael Ryder in Wild zone.
1:14 of 1st period - Icing by Michael Stone.
1:15 of 1st period - Adam Hall wins face-off versus Nick Bonino in Wild zone.
1:29 of 1st period - Icing by Mark Streit.
1:30 of 1st period - Boyd Gordon wins face-off versus Adam Hall in Wild zone.
1:42 of 1st period - Shot by Marian Gaborik.
1:42 of 1st period - Stopped by Cory Schneider with a rebound.
1:44 of 1st period - Shot by Milan Michalek.
1:44 of 1st period - Shot Misses the Net.
1:54 of 1st period - Shot by Lauri Korpikoski.
1:54 of 1st period - Stopped by Ben Scrivens with a rebound.
2:10 of 1st period - Lauri Korpikoski is hit by Fedor Tyutin and loses puck.
3:05 of 1st period - Shot by Corey Perry.
3:05 of 1st period - Shot Blocked by Michael Ryder.
3:43 of 1st period - Icing by Joe Pavelski.
3:44 of 1st period - Corey Perry wins face-off versus Adam Hall in Jets zone.
3:44 of 1st period - Corey Perry is hit by Adam Hall.
4:25 of 1st period - Shot by Jamie Benn.
4:25 of 1st period - Shot Blocked by Michael Stone.
4:27 of 1st period - Shot by Jamie Benn.
4:27 of 1st period - Goal by Jamie Benn - Wild : 0 - Jets : 1.
4:28 of 1st period - Nick Bonino wins face-off versus Pierre-Marc Bouchard in neutral zone.
5:04 of 1st period - Shot by Nick Bonino.
5:04 of 1st period - Shot Misses the Net.
5:06 of 1st period - Shot by Nick Bonino.
5:06 of 1st period - Stopped by Ben Scrivens without a rebound.
5:07 of 1st period - Mikko Koivu wins face-off versus Tomas Plekanec in Wild zone.
5:13 of 1st period - Off-side.
5:14 of 1st period - Tomas Plekanec wins face-off versus Mikko Koivu in neutral zone.
5:29 of 1st period - Shot by Jamie Benn.
5:29 of 1st period - Stopped by Ben Scrivens without a rebound.
5:30 of 1st period - Nick Bonino wins face-off versus Adam Hall in Wild zone.
5:30 of 1st period - Jonathan Ericsson is hit by Michael Stone and loses puck.
5:40 of 1st period - Mark Streit is hit by Nick Bonino and loses puck.
5:53 of 1st period - Shot by Marian Gaborik.
5:53 of 1st period - Stopped by Cory Schneider with a rebound.
6:10 of 1st period - Shot by Milan Michalek.
6:10 of 1st period - Shot Misses the Net.
6:55 of 1st period - Corey Perry is hit by Daniel Alfredsson and loses puck.
7:03 of 1st period - Icing by Kimmo Timonen.
7:04 of 1st period - Joe Pavelski wins face-off versus Pierre-Marc Bouchard in Jets zone.
7:14 of 1st period - Minor Penalty to Kimmo Timonen for Holding Stick.
7:15 of 1st period - Tomas Plekanec wins face-off versus Adam Hall in Jets zone.
7:24 of 1st period - Shot by Michael Stone.
7:24 of 1st period - Stopped by Cory Schneider without a rebound.
7:25 of 1st period - Tomas Plekanec wins face-off versus Mikko Koivu in Jets zone.
8:17 of 1st period - Icing by Dennis Wideman.
8:18 of 1st period - Tomas Plekanec wins face-off versus Adam Hall in Wild zone.
8:25 of 1st period - Shot by Tomas Plekanec.
8:25 of 1st period - Shot Blocked by Olli Maatta.
9:11 of 1st period - Icing by Michael Stone.
9:12 of 1st period - Mikko Koivu wins face-off versus Tomas Plekanec in Wild zone.
9:24 of 1st period - Minor Penalty to Brett Bellemore for Hooking.
9:25 of 1st period - Mikko Koivu wins face-off versus Tomas Plekanec in Jets zone.
9:40 of 1st period - Shot by Marian Gaborik.
9:40 of 1st period - Stopped by Cory Schneider without a rebound.
9:41 of 1st period - Tomas Plekanec wins face-off versus Adam Hall in Jets zone.
9:41 of 1st period - Tomas Plekanec is hit by Adam Hall.
10:10 of 1st period - Shot by Adam Hall.
10:10 of 1st period - Shot Misses the Net.
10:12 of 1st period - Shot by Olli Maatta.
10:12 of 1st period - Shot Misses the Net.
10:14 of 1st period - Shot by Olli Maatta.
10:14 of 1st period - Shot Misses the Net.
10:16 of 1st period - Shot by Dennis Wideman.
10:16 of 1st period - Shot Misses the Net.
10:18 of 1st period - Shot by Olli Maatta.
10:18 of 1st period - Stopped by Cory Schneider without a rebound.
10:19 of 1st period - Mikko Koivu wins face-off versus Jamie Benn in Jets zone.
10:54 of 1st period - Shot by Mark Streit.
10:54 of 1st period - Stopped by Cory Schneider without a rebound.
10:55 of 1st period - Lauri Korpikoski wins face-off versus Adam Hall in Jets zone.
11:12 of 1st period - Shot by Michael Ryder.
11:12 of 1st period - Shot Misses the Net.
11:52 of 1st period - Shot by Pierre-Marc Bouchard.
11:52 of 1st period - Stopped by Cory Schneider without a rebound.
11:53 of 1st period - Nick Bonino wins face-off versus Mikko Koivu in Jets zone.
13:08 of 1st period - Shot by Erik Cole.
13:08 of 1st period - Shot Blocked by Tobias Enstrom.
13:10 of 1st period - Shot by Dennis Wideman.
13:10 of 1st period - Shot Misses the Net.
13:12 of 1st period - Shot by Chris Conner.
13:12 of 1st period - Shot Misses the Net.
13:22 of 1st period - Shot by Erik Cole.
13:22 of 1st period - Stopped by Cory Schneider without a rebound.
13:23 of 1st period - Tomas Plekanec wins face-off versus Marian Gaborik in Jets zone.
13:23 of 1st period - Tomas Plekanec is hit by Milan Michalek.
13:33 of 1st period - Shot by Radko Gudas.
13:33 of 1st period - Stopped by Ben Scrivens without a rebound.
13:34 of 1st period - Tomas Plekanec wins face-off versus Pierre-Marc Bouchard in Wild zone.
13:39 of 1st period - Shot by Jamie Benn.
13:39 of 1st period - Stopped by Ben Scrivens with a rebound.
13:47 of 1st period - Shot by Pierre-Marc Bouchard.
13:47 of 1st period - Stopped by Cory Schneider with a rebound.
13:49 of 1st period - Shot by Erik Cole.
13:49 of 1st period - Stopped by Cory Schneider without a rebound.
13:50 of 1st period - Mikko Koivu wins face-off versus Anders Lee in Jets zone.
13:50 of 1st period - Mikko Koivu is hit by Tobias Enstrom.
14:07 of 1st period - Icing by Fedor Tyutin.
14:08 of 1st period - Mikko Koivu wins face-off versus Tomas Plekanec in Wild zone.
14:08 of 1st period - Mikko Koivu is hit by Jamie Benn.
14:09 of 1st period - Minor Penalty to Jamie Benn for High sticking.
14:10 of 1st period - Tomas Plekanec wins face-off versus Adam Hall in Jets zone.
14:24 of 1st period - Shot by Mark Streit.
14:24 of 1st period - Stopped by Cory Schneider with a rebound.
14:26 of 1st period - Shot by Adam Hall.
14:26 of 1st period - Stopped by Cory Schneider without a rebound.
14:27 of 1st period - Mikko Koivu wins face-off versus Tomas Plekanec in Jets zone.
14:40 of 1st period - Shot by Daniel Alfredsson.
14:40 of 1st period - Shot Misses the Net.
14:53 of 1st period - Mikko Koivu is hit by Kimmo Timonen and loses puck.
15:03 of 1st period - Daniel Alfredsson is hit by Kimmo Timonen and loses puck.
15:25 of 1st period - Mark Streit is hit by Radko Gudas and loses puck.
15:32 of 1st period - Shot by Adam Hall.
15:32 of 1st period - Stopped by Cory Schneider without a rebound.
15:33 of 1st period - Adam Hall wins face-off versus Tomas Plekanec in Jets zone.
16:13 of 1st period - Chris Phillips is hit by Nicklas Grossmann and loses puck.
16:30 of 1st period - Minor Penalty to Anders Lee for Roughing.
16:31 of 1st period - Mikko Koivu wins face-off versus Jamie Benn in Jets zone.
16:36 of 1st period - Shot by Mikko Koivu.
16:36 of 1st period - Shot Misses the Net.
16:38 of 1st period - Shot by Dennis Wideman.
16:38 of 1st period - Shot Misses the Net.
16:40 of 1st period - Shot by Mikko Koivu.
16:40 of 1st period - Shot Misses the Net.
16:52 of 1st period - Shot by Olli Maatta.
16:52 of 1st period - Stopped by Cory Schneider without a rebound.
16:53 of 1st period - Tomas Plekanec wins face-off versus Adam Hall in Jets zone.
17:08 of 1st period - Shot by Michael Stone.
17:08 of 1st period - Stopped by Cory Schneider without a rebound.
17:09 of 1st period - Tomas Plekanec wins face-off versus Mikko Koivu in Jets zone.
17:24 of 1st period - Shot by Olli Maatta.
17:24 of 1st period - Stopped by Cory Schneider without a rebound.
17:25 of 1st period - Adam Hall wins face-off versus Tomas Plekanec in Jets zone.
18:34 of 1st period - Shot by Joe Pavelski.
18:34 of 1st period - Shot Blocked by Chris Conner.
18:36 of 1st period - Shot by Brett Bellemore.
18:36 of 1st period - Shot Misses the Net.
18:38 of 1st period - Shot by Corey Perry.
18:38 of 1st period - Goal by Corey Perry - Wild : 0 - Jets : 2.
18:39 of 1st period - Pierre-Marc Bouchard wins face-off versus Joe Pavelski in neutral zone.
18:42 of 1st period - Shot by Olli Maatta.
18:42 of 1st period - Shot Blocked by Jonathan Ericsson.
19:43 of 1st period - Michael Ryder is hit by Nick Bonino and loses puck.
19:56 of 1st period - Shot by Carl Hagelin.
19:56 of 1st period - Stopped by Ben Scrivens with a rebound.
19:58 of 1st period - Shot by Kimmo Timonen.
19:58 of 1st period - Shot Hit the Post.
Goals for this period are 0 for Wild vs 2 for Jets.
Shots for this period are 16 for Wild vs 8 for Jets.

2nd period


0:01 of 2nd period - Tomas Plekanec wins face-off versus Adam Hall in neutral zone.
0:01 of 2nd period - Jamie Benn is hit by Adam Hall and loses puck.
0:16 of 2nd period - Shot by Marian Gaborik.
0:16 of 2nd period - Shot Misses the Net.
0:19 of 2nd period - Icing by Tobias Enstrom.
0:20 of 2nd period - Tomas Plekanec wins face-off versus Mikko Koivu in Jets zone.
0:29 of 2nd period - Shot by Tomas Plekanec.
0:29 of 2nd period - Goal by Tomas Plekanec - Wild : 0 - Jets : 3.
0:30 of 2nd period - Joe Pavelski wins face-off versus Adam Hall in neutral zone.
0:33 of 2nd period - Olli Maatta is hit by Anders Lee and loses puck.
0:42 of 2nd period - Shot by Joe Pavelski.
0:42 of 2nd period - Stopped by Ben Scrivens without a rebound.
0:43 of 2nd period - Mikko Koivu wins face-off versus Tomas Plekanec in Wild zone.
0:52 of 2nd period - Shot by Daniel Alfredsson.
0:52 of 2nd period - Shot Misses the Net.
1:05 of 2nd period - Shot by Daniel Alfredsson.
1:05 of 2nd period - Stopped by Cory Schneider without a rebound.
1:06 of 2nd period - Joe Pavelski wins face-off versus Adam Hall in Jets zone.
1:24 of 2nd period - Icing by Adam Hall.
1:25 of 2nd period - Tomas Plekanec wins face-off versus Adam Hall in Wild zone.
1:38 of 2nd period - Shot by Adam Hall.
1:38 of 2nd period - Shot Misses the Net.
2:04 of 2nd period - Shot by Jamie Benn.
2:04 of 2nd period - Shot Misses the Net.
2:06 of 2nd period - Shot by Tobias Enstrom.
2:06 of 2nd period - Stopped by Ben Scrivens without a rebound.
2:07 of 2nd period - Mikko Koivu wins face-off versus Joe Pavelski in Wild zone.
2:07 of 2nd period - Mikko Koivu is hit by Anders Lee.
2:14 of 2nd period - Daniel Alfredsson is hit by Brett Bellemore and loses puck.
4:10 of 2nd period - Off-side.
4:11 of 2nd period - Tomas Plekanec wins face-off versus Pierre-Marc Bouchard in neutral zone.
4:25 of 2nd period - Icing by Chris Phillips.
4:26 of 2nd period - Joe Pavelski wins face-off versus Pierre-Marc Bouchard in Wild zone.
4:47 of 2nd period - Chris Conner is hit by Radko Gudas and loses puck.
5:16 of 2nd period - Olli Maatta is hit by Brett Bellemore and loses puck.
5:28 of 2nd period - Icing by Olli Maatta.
5:29 of 2nd period - Adam Hall wins face-off versus Tomas Plekanec in Wild zone.
7:03 of 2nd period - Shot by Carl Hagelin.
7:03 of 2nd period - Goal by Carl Hagelin - Wild : 0 - Jets : 4.
7:03 of 2nd period - Josh Harding enters game.
7:04 of 2nd period - Joe Pavelski wins face-off versus Erik Cole in neutral zone.
8:07 of 2nd period - Shot by Marian Gaborik.
8:07 of 2nd period - Deflect By Adam Hall.
8:07 of 2nd period - Stopped by Cory Schneider with a rebound.
8:19 of 2nd period - Shot by Tobias Enstrom.
8:19 of 2nd period - Stopped by Josh Harding without a rebound.
8:20 of 2nd period - Daniel Alfredsson wins face-off versus Boyd Gordon in Wild zone.
8:22 of 2nd period - Icing by Mikko Koivu.
8:23 of 2nd period - Boyd Gordon wins face-off versus Mikko Koivu in Wild zone.
8:23 of 2nd period - Kimmo Timonen is hit by Michael Stone and loses puck.
8:27 of 2nd period - Icing by Mark Streit.
8:28 of 2nd period - Tomas Plekanec wins face-off versus Mikko Koivu in Wild zone.
8:47 of 2nd period - Off-side.
8:48 of 2nd period - Adam Hall wins face-off versus Corey Perry in neutral zone.
9:20 of 2nd period - Dennis Wideman is hit by Anders Lee and loses puck.
9:27 of 2nd period - Shot by Corey Perry.
9:27 of 2nd period - Shot Blocked by Milan Michalek.
10:13 of 2nd period - Shot by Mikko Koivu.
10:13 of 2nd period - Stopped by Cory Schneider without a rebound.
10:14 of 2nd period - Mikko Koivu wins face-off versus Tomas Plekanec in Jets zone.
11:26 of 2nd period - Shot by Chris Conner.
11:26 of 2nd period - Shot Misses the Net.
11:35 of 2nd period - Erik Cole is hit by Kimmo Timonen and loses puck.
11:53 of 2nd period - Off-side.
11:54 of 2nd period - Joe Pavelski wins face-off versus Mikko Koivu in neutral zone.
11:57 of 2nd period - Olli Maatta is hit by Corey Perry.
12:02 of 2nd period - Mikko Koivu is hit by Jonathan Ericsson and loses puck.
12:39 of 2nd period - Shot by Corey Perry.
12:39 of 2nd period - Shot Misses the Net.
13:05 of 2nd period - Icing by Brett Bellemore.
13:06 of 2nd period - Pierre-Marc Bouchard wins face-off versus Tomas Plekanec in Jets zone.
13:07 of 2nd period - Shot by Erik Cole.
13:07 of 2nd period - Stopped by Cory Schneider without a rebound.
13:08 of 2nd period - Nick Bonino wins face-off versus Chris Conner in Jets zone.
13:08 of 2nd period - Nick Bonino is hit by Erik Cole.
13:35 of 2nd period - Tobias Enstrom is hit by Chris Phillips and loses puck.
13:37 of 2nd period - Minor Penalty to Carl Hagelin for Slashing.
13:38 of 2nd period - Tomas Plekanec wins face-off versus Mikko Koivu in Jets zone.
14:05 of 2nd period - Shot by Olli Maatta.
14:05 of 2nd period - Shot Misses the Net.
14:07 of 2nd period - Shot by Olli Maatta.
14:07 of 2nd period - Shot Blocked by Tomas Plekanec.
14:09 of 2nd period - Shot by Dennis Wideman.
14:09 of 2nd period - Shot Misses the Net.
14:13 of 2nd period - Shot by Olli Maatta.
14:13 of 2nd period - Shot Blocked by Tomas Plekanec.
14:15 of 2nd period - Shot by Marian Gaborik.
14:15 of 2nd period - Shot Misses the Net.
14:17 of 2nd period - Shot by Marian Gaborik.
14:17 of 2nd period - Goal by Marian Gaborik - Wild : 1 - Jets : 4.
14:18 of 2nd period - Joe Pavelski wins face-off versus Pierre-Marc Bouchard in neutral zone.
14:24 of 2nd period - Shot by Corey Perry.
14:24 of 2nd period - Shot Misses the Net.
14:26 of 2nd period - Shot by Tobias Enstrom.
14:26 of 2nd period - Shot Blocked by Michael Stone.
14:37 of 2nd period - Mark Streit is hit by Anders Lee and loses puck.
14:52 of 2nd period - Shot by Joe Pavelski.
14:52 of 2nd period - Stopped by Josh Harding with a rebound.
15:24 of 2nd period - Shot by Carl Hagelin.
15:24 of 2nd period - Shot Blocked by Olli Maatta.
15:26 of 2nd period - Shot by Carl Hagelin.
15:26 of 2nd period - Stopped by Josh Harding without a rebound.
15:27 of 2nd period - Tomas Plekanec wins face-off versus Adam Hall in Wild zone.
15:27 of 2nd period - Christian Ehrhoff is hit by Dennis Wideman and loses puck.
16:01 of 2nd period - Shot by Marian Gaborik.
16:01 of 2nd period - Shot Misses the Net.
16:03 of 2nd period - Shot by Dennis Wideman.
16:03 of 2nd period - Shot Misses the Net.
16:35 of 2nd period - Shot by Mikko Koivu.
16:35 of 2nd period - Stopped by Cory Schneider without a rebound.
16:36 of 2nd period - Joe Pavelski wins face-off versus Pierre-Marc Bouchard in Jets zone.
16:45 of 2nd period - Shot by Joe Pavelski.
16:45 of 2nd period - Stopped by Josh Harding without a rebound.
16:46 of 2nd period - Nick Bonino wins face-off versus Mikko Koivu in Wild zone.
17:03 of 2nd period - Shot by Nick Bonino.
17:03 of 2nd period - Stopped by Josh Harding without a rebound.
17:04 of 2nd period - Joe Pavelski wins face-off versus Adam Hall in Wild zone.
17:05 of 2nd period - Shot by Corey Perry.
17:05 of 2nd period - Shot Blocked by Olli Maatta.
18:43 of 2nd period - Icing by Kimmo Timonen.
18:44 of 2nd period - Pierre-Marc Bouchard wins face-off versus Nick Bonino in Jets zone.
18:51 of 2nd period - Shot by Erik Cole.
18:51 of 2nd period - Stopped by Cory Schneider without a rebound.
18:52 of 2nd period - Pierre-Marc Bouchard wins face-off versus Tomas Plekanec in Jets zone.
19:13 of 2nd period - Shot by Pierre-Marc Bouchard.
19:13 of 2nd period - Stopped by Cory Schneider with a rebound.
19:15 of 2nd period - Shot by Erik Cole.
19:15 of 2nd period - Stopped by Cory Schneider with a rebound.
19:19 of 2nd period - Shot by Chris Conner.
19:19 of 2nd period - Stopped by Cory Schneider without a rebound.
19:20 of 2nd period - Mikko Koivu wins face-off versus Corey Perry in Jets zone.
19:31 of 2nd period - Mark Streit is hit by Anders Lee and loses puck.
19:49 of 2nd period - Off-side.
19:50 of 2nd period - Boyd Gordon wins face-off versus Milan Michalek in neutral zone.
19:55 of 2nd period - Shot by Tobias Enstrom.
19:55 of 2nd period - Shot Misses the Net.
Goals for this period are 1 for Wild vs 2 for Jets.
Shots for this period are 10 for Wild vs 9 for Jets.

3rd period


0:01 of 3rd period - Mikko Koivu wins face-off versus Corey Perry in neutral zone.
0:08 of 3rd period - Shot by Mikko Koivu.
0:08 of 3rd period - Stopped by Cory Schneider without a rebound.
0:09 of 3rd period - Joe Pavelski wins face-off versus Mikko Koivu in Jets zone.
0:23 of 3rd period - Icing by Mikko Koivu.
0:24 of 3rd period - Mikko Koivu wins face-off versus Boyd Gordon in Wild zone.
2:12 of 3rd period - Chris Phillips is hit by Anders Lee and loses puck.
2:41 of 3rd period - Shot by Tomas Plekanec.
2:41 of 3rd period - Deflect By Jamie Benn.
2:41 of 3rd period - Goal by Jamie Benn - Wild : 1 - Jets : 5.
2:42 of 3rd period - Tomas Plekanec wins face-off versus Mikko Koivu in neutral zone.
3:03 of 3rd period - Daniel Alfredsson is hit by Brett Bellemore and loses puck.
3:09 of 3rd period - Minor Penalty to Nicklas Grossmann for Tripping.
3:10 of 3rd period - Adam Hall wins face-off versus Tomas Plekanec in Jets zone.
3:18 of 3rd period - Milan Michalek is hit by Radko Gudas and loses puck.
3:29 of 3rd period - Shot by Dennis Wideman.
3:29 of 3rd period - Stopped by Cory Schneider without a rebound.
3:30 of 3rd period - Mikko Koivu wins face-off versus Tomas Plekanec in Jets zone.
3:39 of 3rd period - Shot by Daniel Alfredsson.
3:39 of 3rd period - Shot Misses the Net.
3:41 of 3rd period - Shot by Mikko Koivu.
3:41 of 3rd period - Shot Misses the Net.
3:43 of 3rd period - Shot by Mikko Koivu.
3:43 of 3rd period - Shot Misses the Net.
3:45 of 3rd period - Shot by Mark Streit.
3:45 of 3rd period - Stopped by Cory Schneider without a rebound.
3:46 of 3rd period - Tomas Plekanec wins face-off versus Adam Hall in Jets zone.
3:57 of 3rd period - Minor Penalty to Lauri Korpikoski for Holding.
3:58 of 3rd period - Mikko Koivu wins face-off versus Tomas Plekanec in Jets zone.
4:12 of 3rd period - Marian Gaborik is hit by Radko Gudas and loses puck.
4:29 of 3rd period - Shot by Michael Stone.
4:29 of 3rd period - Stopped by Cory Schneider without a rebound.
4:30 of 3rd period - Adam Hall wins face-off versus Jamie Benn in Jets zone.
4:31 of 3rd period - Shot by Dennis Wideman.
4:31 of 3rd period - Deflect By Milan Michalek.
4:31 of 3rd period - Stopped by Cory Schneider without a rebound.
4:32 of 3rd period - Jamie Benn wins face-off versus Adam Hall in Jets zone.
4:38 of 3rd period - Icing by Dennis Wideman.
4:39 of 3rd period - Tomas Plekanec wins face-off versus Adam Hall in Wild zone.
4:48 of 3rd period - Dennis Wideman is hit by Tomas Plekanec and loses puck.
4:55 of 3rd period - Shot by Dennis Wideman.
4:55 of 3rd period - Stopped by Cory Schneider without a rebound.
4:56 of 3rd period - Tomas Plekanec wins face-off versus Mikko Koivu in Jets zone.
5:05 of 3rd period - Shot by Mark Streit.
5:05 of 3rd period - Deflect By Daniel Alfredsson.
5:05 of 3rd period - Shot Misses the Net.
5:07 of 3rd period - Shot by Daniel Alfredsson.
5:07 of 3rd period - Goal by Daniel Alfredsson - Wild : 2 - Jets : 5.
5:08 of 3rd period - Adam Hall wins face-off versus Tomas Plekanec in neutral zone.
5:15 of 3rd period - Shot by Milan Michalek.
5:15 of 3rd period - Stopped by Cory Schneider without a rebound.
5:16 of 3rd period - Mikko Koivu wins face-off versus Tomas Plekanec in Jets zone.
5:17 of 3rd period - Shot by Mark Streit.
5:17 of 3rd period - Stopped by Cory Schneider without a rebound.
5:18 of 3rd period - Tomas Plekanec wins face-off versus Mikko Koivu in Jets zone.
5:18 of 3rd period - Jamie Benn is hit by Daniel Alfredsson and loses puck.
5:32 of 3rd period - Shot by Mark Streit.
5:32 of 3rd period - Shot Blocked by Kimmo Timonen.
5:34 of 3rd period - Shot by Mark Streit.
5:34 of 3rd period - Stopped by Cory Schneider with a rebound.
5:36 of 3rd period - Shot by Mark Streit.
5:36 of 3rd period - Stopped by Cory Schneider without a rebound.
5:37 of 3rd period - Milan Michalek wins face-off versus Tomas Plekanec in Jets zone.
5:44 of 3rd period - Shot by Olli Maatta.
5:44 of 3rd period - Stopped by Cory Schneider without a rebound.
5:45 of 3rd period - Tomas Plekanec wins face-off versus Mikko Koivu in Jets zone.
5:45 of 3rd period - Tomas Plekanec is hit by Daniel Alfredsson.
6:11 of 3rd period - Christian Ehrhoff is hit by Erik Cole and loses puck.
7:13 of 3rd period - Minor Penalty to Michael Stone for Hooking.
7:14 of 3rd period - Tomas Plekanec wins face-off versus Jesse Winchester in Wild zone.
7:15 of 3rd period - Shot by Tobias Enstrom.
7:15 of 3rd period - Shot Misses the Net.
7:17 of 3rd period - Shot by Tomas Plekanec.
7:17 of 3rd period - Shot Misses the Net.
7:19 of 3rd period - Shot by Radko Gudas.
7:19 of 3rd period - Shot Misses the Net.
7:21 of 3rd period - Shot by Jamie Benn.
7:21 of 3rd period - Shot Misses the Net.
8:29 of 3rd period - Shot by Christian Ehrhoff.
8:29 of 3rd period - Shot Misses the Net.
8:31 of 3rd period - Shot by Christian Ehrhoff.
8:31 of 3rd period - Stopped by Josh Harding with a rebound.
8:33 of 3rd period - Shot by Joe Pavelski.
8:33 of 3rd period - Stopped by Josh Harding without a rebound.
8:34 of 3rd period - Adam Hall wins face-off versus Josh Bailey in Wild zone.
8:34 of 3rd period - Adam Hall is hit by Jamie Benn.
9:17 of 3rd period - Icing by Dennis Wideman.
9:18 of 3rd period - Nick Bonino wins face-off versus Mikko Koivu in Wild zone.
9:46 of 3rd period - Olli Maatta is hit by Colin Wilson and loses puck.
10:18 of 3rd period - Icing by Dennis Wideman.
10:19 of 3rd period - Mikko Koivu wins face-off versus Joe Pavelski in Wild zone.
10:19 of 3rd period - Mikko Koivu is hit by Anders Lee.
10:32 of 3rd period - Off-side.
10:33 of 3rd period - Tomas Plekanec wins face-off versus Pierre-Marc Bouchard in neutral zone.
10:39 of 3rd period - Shot by Tomas Plekanec.
10:39 of 3rd period - Shot Misses the Net.
10:41 of 3rd period - Shot by Jamie Benn.
10:41 of 3rd period - Shot Misses the Net.
10:43 of 3rd period - Shot by Josh Bailey.
10:43 of 3rd period - Deflect By Jamie Benn.
10:43 of 3rd period - Shot Misses the Net.
10:45 of 3rd period - Shot by Jamie Benn.
10:45 of 3rd period - Stopped by Josh Harding with a rebound.
10:59 of 3rd period - Shot by Jamie Benn.
10:59 of 3rd period - Shot Blocked by Chris Conner.
11:18 of 3rd period - Minor Penalty to Jamie Benn for Hooking.
11:18 of 3rd period - Minor Penalty to Pierre-Marc Bouchard for Roughing.
11:19 of 3rd period - Tomas Plekanec wins face-off versus Mikko Koivu in neutral zone.
11:22 of 3rd period - Michael Stone is hit by Tomas Plekanec and loses puck.
11:53 of 3rd period - Off-side.
11:54 of 3rd period - Michael Ryder wins face-off versus Carl Hagelin in neutral zone.
12:24 of 3rd period - Icing by Kimmo Timonen.
12:25 of 3rd period - Marian Gaborik wins face-off versus Carl Hagelin in Jets zone.
12:34 of 3rd period - Shot by Carl Hagelin.
12:34 of 3rd period - Stopped by Josh Harding without a rebound.
12:35 of 3rd period - Tomas Plekanec wins face-off versus Mikko Koivu in Wild zone.
12:40 of 3rd period - Shot by Tomas Plekanec.
12:40 of 3rd period - Shot Blocked by Dennis Wideman.
13:00 of 3rd period - Shot by Nick Bonino.
13:00 of 3rd period - Shot Misses the Net.
13:02 of 3rd period - Shot by Christian Ehrhoff.
13:02 of 3rd period - Stopped by Josh Harding without a rebound.
13:03 of 3rd period - Tomas Plekanec wins face-off versus Michael Ryder in Wild zone.
13:06 of 3rd period - Shot by Nick Bonino.
13:06 of 3rd period - Shot Blocked by Mark Streit.
13:36 of 3rd period - Shot by Corey Perry.
13:36 of 3rd period - Stopped by Josh Harding without a rebound.
13:37 of 3rd period - Boyd Gordon wins face-off versus Mikko Koivu in Wild zone.
13:50 of 3rd period - Shot by Lauri Korpikoski.
13:50 of 3rd period - Deflect By Carl Hagelin.
13:50 of 3rd period - Stopped by Josh Harding with a rebound.
14:10 of 3rd period - Shot by Carl Hagelin.
14:10 of 3rd period - Shot Blocked by Dennis Wideman.
14:12 of 3rd period - Shot by Christian Ehrhoff.
14:12 of 3rd period - Shot Blocked by Mikko Koivu.
15:16 of 3rd period - Shot by Marian Gaborik.
15:16 of 3rd period - Stopped by Cory Schneider without a rebound.
15:17 of 3rd period - Pierre-Marc Bouchard wins face-off versus Tomas Plekanec in Jets zone.
15:26 of 3rd period - Shot by Pierre-Marc Bouchard.
15:26 of 3rd period - Stopped by Cory Schneider without a rebound.
15:27 of 3rd period - Pierre-Marc Bouchard wins face-off versus Joe Pavelski in Jets zone.
15:27 of 3rd period - Fedor Tyutin is hit by Kimmo Timonen.
15:33 of 3rd period - Shot by Chris Phillips.
15:33 of 3rd period - Shot Blocked by Tobias Enstrom.
15:46 of 3rd period - Tobias Enstrom is hit by Chris Phillips and loses puck.
15:52 of 3rd period - Fedor Tyutin is hit by Kimmo Timonen and loses puck.
16:39 of 3rd period - Shot by Jamie Benn.
16:39 of 3rd period - Shot Misses the Net.
17:07 of 3rd period - Shot by Jamie Benn.
17:07 of 3rd period - Deflect By Josh Bailey.
17:07 of 3rd period - Stopped by Josh Harding without a rebound.
17:08 of 3rd period - Carl Hagelin wins face-off versus Mikko Koivu in Wild zone.
17:26 of 3rd period - Minor Penalty to Jonathan Ericsson for Holding.
17:27 of 3rd period - Mikko Koivu wins face-off versus Tomas Plekanec in Jets zone.
17:28 of 3rd period - Shot by Olli Maatta.
17:28 of 3rd period - Shot Misses the Net.
17:43 of 3rd period - Shot by Tomas Plekanec.
17:43 of 3rd period - Shot Misses the Net.
17:49 of 3rd period - Shot by Tomas Plekanec.
17:49 of 3rd period - Shot Misses the Net.
17:51 of 3rd period - Shot by Lauri Korpikoski.
17:51 of 3rd period - Shot Misses the Net.
17:53 of 3rd period - Shot by Lauri Korpikoski.
17:53 of 3rd period - Shot Misses the Net.
18:02 of 3rd period - Icing by Dennis Wideman.
18:03 of 3rd period - Tomas Plekanec wins face-off versus Mikko Koivu in Wild zone.
18:31 of 3rd period - Icing by Marian Gaborik.
18:32 of 3rd period - Mikko Koivu wins face-off versus Tomas Plekanec in Wild zone.
19:33 of 3rd period - Shot by Corey Perry.
19:33 of 3rd period - Shot Misses the Net.
19:35 of 3rd period - Shot by Brett Bellemore.
19:35 of 3rd period - Deflect By Corey Perry.
19:35 of 3rd period - Shot Misses the Net.
19:39 of 3rd period - Shot by Joe Pavelski.
19:39 of 3rd period - Stopped by Josh Harding without a rebound.
19:40 of 3rd period - Nick Bonino wins face-off versus Pierre-Marc Bouchard in Wild zone.
19:40 of 3rd period - Nick Bonino is hit by Mark Streit.
19:42 of 3rd period - Shot by Tobias Enstrom.
19:42 of 3rd period - Shot Misses the Net.
19:50 of 3rd period - Shot by Colin Wilson.
19:50 of 3rd period - Shot Misses the Net.
19:52 of 3rd period - Shot by Tobias Enstrom.
19:52 of 3rd period - Shot Blocked by Mark Streit.
Goals for this period are 1 for Wild vs 1 for Jets.
Shots for this period are 14 for Wild vs 10 for Jets.


Output by the SimonT Hockey Simulator (STHS) for Stephane Roy -- Original Page W3C XHTML 1.0 Valid
Hockey Simulator - Hockey Simulation - Hockey Manager